Canucks vs Capitals

Created - 7 décembre 2015 at 19:05

Goals
1 2 3 T
Canucks 1 0 1 2
Capitals 2 4 1 7
Shots
1 2 3 T
Canucks 14 5 6 25
Capitals 16 10 8 34

1st period

1. Capitals , Tyler Johnson 6 (Ryan Callahan, Patrik Elias) at 10:49
2. Capitals , Jakub Voracek 8 (Thomas Vanek, Stephen Weiss) at 14:41
3. Canucks , Jaromir Jagr 10 (Matt Stajan) at 17:05

Penalties :
Phil Kessel (Was) for Fighting (Major) at 13:19, Peter Worrell (Van) for Fighting (Major) at 13:19

2nd period

4. Capitals , Tyler Johnson 7 (Patrik Elias, Pavel Datsyuk) at 1:04
5. Capitals , Patrik Elias 10 (Tyler Johnson) at 4:55
6. Capitals , Brian Campbell 2 (Patrik Elias, Tyler Johnson) at 18:26 (PP)
7. Capitals , Thomas Vanek 14 (Jakub Voracek, Stephen Weiss) at 18:38

Penalties :
Patrik Elias (Was) for Hooking (Minor) at 7:02, Keith Yandle (Was) for Hooking (Minor) at 16:07, Tom Poti (Van) for Diving (Minor) at 17:00

3rd period

8. Capitals , Thomas Vanek 15 (Keith Yandle, Stephen Weiss) at 17:17
9. Canucks , Jaromir Jagr 11 (Matt Stajan, Alex Goligoski) at 17:58 (SH)

Penalties :
Alex Tanguay (Van) for Hooking (Minor) at 8:54, David Krejci (Was) for Holding (Minor) at 14:17, Tomas Plekanec (Van) for Holding (Minor) at 17:44

Goalie Stats

Carey Price (Van), 20 saves from 26 shots - (0,769), L, 7-6-0, 38:38 minutes
Chad Johnson (Van), 7 saves from 8 shots - (0,875), 21:22 minutes
Jaroslav Halak (Was), 23 saves from 25 shots - (0,920), W, 14-9-2, 60:00 minutes

Players Stats for Canucks

Player Name              G  A  P  +/- PIM S  H  SB GA TA FO     MP     PP MP  PK MP  
------------------------------------------------------------------------------------
Alex Goligoski           0  1  1   0  0   1  4  1  1  0  0/0    29:16   3:17   2:19 
Alex Tanguay             0  0  0  -1  2   2  1  0  0  0  0/0    18:20   0:00   0:31 
Antti Miettinen          0  0  0  -1  0   2  1  0  0  0  0/0     8:50   0:07   0:00 
Clarke MacArthur         0  0  0  -1  0   2  3  0  1  0  0/1    16:43   2:00   1:26 
Daniel Paille            0  0  0  -1  0   0  0  0  0  0  0/0    10:26   0:00   1:03 
David Jones              0  0  0  -1  0   2  1  0  2  0  0/0    12:13   0:00   0:00 
Jaromir Jagr             2  0  2  -1  0   4  3  0  1  0  2/9    21:25   2:51   2:18 
Kent Huskins             0  0  0  -1  0   0  0  0  0  0  0/0     3:06   0:00   0:00 
Kyle Cumiskey            0  0  0  -2  0   1  2  0  0  0  0/0    15:42   0:06   0:15 
Matt Stajan              0  2  2  -1  0   1  3  0  1  0  8/26   21:01   2:51   2:16 
Maxim Lapierre           0  0  0  -1  0   0  2  2  0  1  4/5    12:49   0:07   0:09 
Nikolai Zherdev          0  0  0  -1  0   5  1  0  0  0  0/0    16:10   1:53   0:00 
Olli Jokinen             0  0  0  -1  0   0  0  0  0  0  0/3     8:03   0:00   0:00 
Peter Worrell            0  0  0  -3  5   1  1  0  0  0  0/0    16:20   2:51   0:53 
Sami Lepisto             0  0  0  -2  0   0  0  0  0  0  0/0    20:05   1:34   1:54 
Steve Montador           0  0  0   0  0   0  2  4  1  2  0/0    27:29   3:11   2:24 
Tom Poti                 0  0  0  -2  2   1  1  2  1  0  0/0    20:26   1:33   1:44 
Tomas Plekanec           0  0  0  -1  2   3  1  0  1  2  4/5    16:08   1:53   0:00 

Players Stats for Capitals

Player Name              G  A  P  +/- PIM S  H  SB GA TA FO     MP     PP MP  PK MP  
------------------------------------------------------------------------------------
Alexandre Burrows        0  0  0  -1  0   0  0  0  0  0  0/0    11:56   0:10   1:32 
Brian Campbell           1  0  1   2  0   2  0  0  0  0  0/0    19:32   1:48   1:55 
David Krejci             0  0  0  -1  2   2  0  0  0  1  2/2     9:43   0:00   0:09 
Duncan Keith             0  0  0   2  0   3  2  1  1  3  0/0    26:04   2:30   2:56 
Jakub Voracek            1  1  2   3  0   5  0  0  0  0  0/2    16:41   0:10   1:08 
James Neal               0  0  0   0  0   1  1  0  0  0  0/0    15:47   0:00   0:50 
Jay Harrison             0  0  0   0  0   0  1  1  0  1  0/0    14:10   0:00   0:00 
Keith Yandle             0  1  1   0  2   0  1  0  0  1  0/0    14:19   0:10   0:00 
Marek Zidlicky           0  0  0   2  0   0  1  0  0  1  0/0    19:32   1:48   1:55 
Mark Streit              0  0  0   2  0   2  3  0  1  0  0/0    26:04   2:30   2:56 
Mikael Samuelsson        0  0  0  -1  0   2  0  0  0  1  0/0     9:18   0:00   0:00 
Patrik Elias             1  3  4   3  2   2  2  0  0  0  0/0    14:22   1:47   1:46 
Pavel Datsyuk            0  1  1   0  0   4  1  0  0  0  7/9    14:16   0:00   0:00 
Phil Kessel              0  0  0  -1  5   3  1  0  1  0  0/1    16:29   2:21   0:32 
Ryan Callahan            0  1  1   3  0   0  1  0  0  0  0/0    12:02   1:47   0:00 
Stephen Weiss            0  3  3   2  0   2  0  1  0  0  15/23  19:06   2:21   0:00 
Thomas Vanek             2  1  3   2  0   4  3  1  2  1  4/7    21:04   2:21   2:45 
Tyler Johnson            2  2  4   3  0   2  0  0  0  0  3/5    13:34   1:47   1:00 

3 Stars

1 - Tyler Johnson (Was)
2 - Thomas Vanek (Was)
3 - Patrik Elias (Was)

Power Play

Canucks - 0 on 3 Attempt(s) - 0,00%
Capitals - 1 on 3 Attempt(s) - 33,33%

Penalty Kill

Canucks - 2 on 3 Attempt(s) - 66,67% - Score 1 goal in Penalty Kill
Capitals - 3 on 3 Attempt(s) - 100,00% - Score 0 goal in Penalty Kill

Team Stat

Canucks - Hits : 26 - Faceoff Wins : 18 - Blocked Shots : 9 - Penalty Minutes : 11
Capitals - Hits : 17 - Faceoff Wins : 31 - Blocked Shots : 4 - Penalty Minutes : 11

Official

Referees : Jackson Dave and McCauley Wes
Linesman : Mark Pare and Derek Nansen

Game Notes

Phil Kessel beats up Peter Worrell at 13:19 of 1st period
Kent Huskins is injured at 15:35 of 1st period (Upper Body)
Chad Johnson enters game at 18:38 of 2nd period

Finance

Level 1 -- Attendance: 5578 (92,97%) -- Ticket Income 429 506 $
Level 2 -- Attendance: 5000 (100,00%) -- Ticket Income 210 000 $
Level 3 -- Attendance: 1995 (99,75%) -- Ticket Income 53 865 $
Level 4 -- Attendance: 4000 (100,00%) -- Ticket Income 64 000 $
Luxury Box -- Attendance: 875 (87,50%) -- Ticket Income 142 625 $
Game was played at the Verizon Center'
Total Attendance: 17448 (96,93%)
Total Ticket Income: 899 996 $
Other Income: 134 999 $
Total Income: 1 034 995 $

Canucks

5 vs 5 Forward 
   Center                   Left Wing                Right Wing               Time % Phy DF OF 
 1 Matt Stajan              Peter Worrell            Jaromir Jagr             40     1   2  2  
 2 Tomas Plekanec           Clarke MacArthur         Nikolai Zherdev          30     1   2  2  
 3 Maxim Lapierre           Alex Tanguay             David Jones              20     1   2  2  
 4 Olli Jokinen             Daniel Paille            Antti Miettinen          10     1   2  2  

5 vs 5 Defense 
   Defense                  Defense                                           Time % Phy DF OF 
 1 Alex Goligoski           Steve Montador                                    40     1   2  2  
 2 Tom Poti                 Sami Lepisto                                      30     1   2  2  
 3 Kent Huskins             Kyle Cumiskey                                     20     1   2  2  
 4 Alex Goligoski           Steve Montador                                    10     1   2  2  

PowerPlay Forward 
   Center                   Left Wing                Right Wing               Time % Phy DF OF 
 1 Matt Stajan              Peter Worrell            Jaromir Jagr             60     1   2  2  
 2 Tomas Plekanec           Clarke MacArthur         Nikolai Zherdev          40     1   2  2  

PowerPlay Defense
   Defense                  Defense                                           Time % Phy DF OF 
 1 Alex Goligoski           Steve Montador                                    60     1   2  2  
 2 Tom Poti                 Sami Lepisto                                      40     1   2  2  

Penalty Kill 4 Players Forward 
   Center                   Wing                     Time % Phy DF OF 
 1 Jaromir Jagr             Matt Stajan              60     1   2  2  
 2 Peter Worrell            Clarke MacArthur         40     1   2  2  

Penalty Kill 4 Players Defense
   Defense                  Defense                  Time % Phy DF OF 
 1 Alex Goligoski           Steve Montador           60     1   2  2  
 2 Tom Poti                 Sami Lepisto             40     1   2  2  

Penalty Kill - 3 Players Forward 
   Forward                                           Time % Phy DF OF 
 1 Jaromir Jagr                                      60     1   2  2  
 2 Matt Stajan                                       40     1   2  2  

Penalty Kill - 3 Players Defense
   Defense                  Defense                  Time % Phy DF OF 
 1 Alex Goligoski           Steve Montador           60     1   2  2  
 2 Tom Poti                 Sami Lepisto             40     1   2  2  

4 vs 4 Forward 
   Center                   Wing                     Time % Phy DF OF 
 1 Jaromir Jagr             Matt Stajan              60     1   2  2  
 2 Peter Worrell            Clarke MacArthur         40     1   2  2  

4 vs 4 Defense
   Defense                  Defense                  Time % Phy DF OF 
 1 Alex Goligoski           Steve Montador           60     1   2  2  
 2 Tom Poti                 Sami Lepisto             40     1   2  2  

Last Minutes Offensive
   Center                   Left Wing                Right Wing               Defense                  Defense                  
   Matt Stajan              Peter Worrell            Jaromir Jagr             Alex Goligoski           Steve Montador           

Last Minutes Defensive
   Center                   Left Wing                Right Wing               Defense                  Defense                  
   Matt Stajan              Peter Worrell            Jaromir Jagr             Alex Goligoski           Steve Montador           

Goaltenders
Starting : Carey Price              
Backup : Chad Johnson             

Extra Forwards
Normal : Alex Tanguay, Maxim Lapierre, Daniel Paille - PP : Alex Tanguay, Maxim Lapierre - PK : Daniel Paille
Extra Defensemen
Normal : Kent Huskins, Kyle Cumiskey, Tom Poti - PP : Kent Huskins - PK : Kyle Cumiskey, Tom Poti
Penalty Shots
Jaromir Jagr, Matt Stajan, Peter Worrell, Clarke MacArthur, Alex Tanguay

Capitals

5 vs 5 Forward 
   Center                   Left Wing                Right Wing               Time % Phy DF OF 
 1 Stephen Weiss            Thomas Vanek             Jakub Voracek            40     1   2  2  
 2 Pavel Datsyuk            James Neal               Phil Kessel              30     1   2  2  
 3 Tyler Johnson            Patrik Elias             Ryan Callahan            20     1   2  2  
 4 David Krejci             Alexandre Burrows        Mikael Samuelsson        10     5   0  0  

5 vs 5 Defense 
   Defense                  Defense                                           Time % Phy DF OF 
 1 Duncan Keith             Mark Streit                                       40     1   2  2  
 2 Marek Zidlicky           Brian Campbell                                    30     1   2  2  
 3 Jay Harrison             Keith Yandle                                      20     1   2  2  
 4 Duncan Keith             Mark Streit                                       10     1   2  2  

PowerPlay Forward 
   Center                   Left Wing                Right Wing               Time % Phy DF OF 
 1 Stephen Weiss            Thomas Vanek             Phil Kessel              60     1   2  2  
 2 Tyler Johnson            Patrik Elias             Ryan Callahan            40     1   2  2  

PowerPlay Defense
   Defense                  Defense                                           Time % Phy DF OF 
 1 Duncan Keith             Mark Streit                                       60     1   2  2  
 2 Marek Zidlicky           Brian Campbell                                    40     1   2  2  

Penalty Kill 4 Players Forward 
   Center                   Wing                     Time % Phy DF OF 
 1 Thomas Vanek             Patrik Elias             60     1   2  2  
 2 James Neal               Phil Kessel              40     1   2  2  

Penalty Kill 4 Players Defense
   Defense                  Defense                  Time % Phy DF OF 
 1 Duncan Keith             Mark Streit              60     1   2  2  
 2 Marek Zidlicky           Brian Campbell           40     1   2  2  

Penalty Kill - 3 Players Forward 
   Forward                                           Time % Phy DF OF 
 1 Thomas Vanek                                      60     1   2  2  
 2 Patrik Elias                                      40     1   2  2  

Penalty Kill - 3 Players Defense
   Defense                  Defense                  Time % Phy DF OF 
 1 Duncan Keith             Mark Streit              60     1   2  2  
 2 Marek Zidlicky           Brian Campbell           40     1   2  2  

4 vs 4 Forward 
   Center                   Wing                     Time % Phy DF OF 
 1 Thomas Vanek             Stephen Weiss            60     1   2  2  
 2 James Neal               Phil Kessel              40     1   2  2  

4 vs 4 Defense
   Defense                  Defense                  Time % Phy DF OF 
 1 Duncan Keith             Mark Streit              60     1   2  2  
 2 Marek Zidlicky           Brian Campbell           40     1   2  2  

Last Minutes Offensive
   Center                   Left Wing                Right Wing               Defense                  Defense                  
   Tyler Johnson            Thomas Vanek             Phil Kessel              Duncan Keith             Mark Streit              

Last Minutes Defensive
   Center                   Left Wing                Right Wing               Defense                  Defense                  
   Tyler Johnson            Thomas Vanek             Phil Kessel              Duncan Keith             Mark Streit              

Goaltenders
Starting : Jaroslav Halak           
Backup : Tim Thomas               

Extra Forwards
Normal : Stephen Weiss, Alexandre Burrows, Jakub Voracek - PP : Stephen Weiss, Alexandre Burrows - PK : Jakub Voracek
Extra Defensemen
Normal : Jay Harrison, Keith Yandle, Marek Zidlicky - PP : Jay Harrison - PK : Keith Yandle, Marek Zidlicky
Penalty Shots
Thomas Vanek, Patrik Elias, James Neal, Phil Kessel, Ryan Callahan

% Time on Ice - Canucks

Lines # - Real PCT - Wanted PCT - Time Play
Normal Forward
1 - 31% - 40% - 15:15
2 - 29% - 30% - 14:14
3 - 25% - 20% - 12:13
4 - 16% - 10% - 8:03
Normal Defense
1 - 34% - 40% - 16:40
2 - 27% - 30% - 13:36
3 - 33% - 20% - 16:31
4 - 6% - 10% - 2:58
PP Forward
1 - 59% - 60% - 2:51
2 - 41% - 40% - 2:00
PP Defense
1 - 68% - 60% - 3:17
2 - 32% - 40% - 1:34
PK Forward
1 - 81% - 60% - 3:28
2 - 19% - 40% - 0:50
PK Defense
1 - 56% - 60% - 2:24
2 - 44% - 40% - 1:54
PK3 Forward
1 - 0% - 60%
2 - 0% - 40%
PK3 Defense
1 - 0% - 60%
2 - 0% - 40%
44 Forward
1 - 100% - 60% - 1:06
2 - 0% - 40% - 0:00
44 Defense
1 - 62% - 60% - 0:41
2 - 38% - 40% - 0:25
Last Minute Offensive  - 0:00
Last Minute Defensive  - 0:00
Total
Forward - 60:00
Defense - 60:00

% Time on Ice - Capitals

Lines # - Real PCT - Wanted PCT - Time Play
Normal Forward
1 - 32% - 40% - 15:56
2 - 29% - 30% - 14:20
3 - 20% - 20% - 10:11
4 - 19% - 10% - 9:18
Normal Defense
1 - 36% - 40% - 17:57
2 - 31% - 30% - 15:17
3 - 28% - 20% - 14:10
4 - 5% - 10% - 2:21
PP Forward
1 - 59% - 60% - 2:31
2 - 41% - 40% - 1:47
PP Defense
1 - 58% - 60% - 2:30
2 - 42% - 40% - 1:48
PK Forward
1 - 89% - 60% - 4:19
2 - 11% - 40% - 0:32
PK Defense
1 - 60% - 60% - 2:56
2 - 40% - 40% - 1:55
PK3 Forward
1 - 0% - 60%
2 - 0% - 40%
PK3 Defense
1 - 0% - 60%
2 - 0% - 40%
44 Forward
1 - 71% - 60% - 0:47
2 - 29% - 40% - 0:19
44 Defense
1 - 67% - 60% - 0:44
2 - 33% - 40% - 0:22
Last Minute Offensive  - 0:00
Last Minute Defensive  - 0:00
Total
Forward - 60:00
Defense - 60:00

Play by Play

1st period


0:01 of 1st period - Stephen Weiss wins face-off versus Matt Stajan in neutral zone.
0:16 of 1st period - Wrist shot by Jakub Voracek.
0:16 of 1st period - Shot Misses the Net.
0:23 of 1st period - Icing by Steve Montador.
0:24 of 1st period - Pavel Datsyuk wins face-off versus Matt Stajan in Canucks zone.
0:25 of 1st period - Wrist shot by Phil Kessel.
0:25 of 1st period - Shot Misses the Net.
0:27 of 1st period - Wrist shot by Brian Campbell.
0:27 of 1st period - Shot Misses the Net.
1:26 of 1st period - Icing by Alex Goligoski.
1:27 of 1st period - Stephen Weiss wins face-off versus Olli Jokinen in Canucks zone.
2:00 of 1st period - Snap shot by Tomas Plekanec.
2:00 of 1st period - Shot Misses the Net.
2:02 of 1st period - Snap shot by Clarke MacArthur.
2:02 of 1st period - Shot Misses the Net.
2:09 of 1st period - Icing by James Neal.
2:10 of 1st period - Maxim Lapierre wins face-off versus Tyler Johnson in Capitals zone.
2:11 of 1st period - Wrist shot by David Jones.
2:11 of 1st period - Stopped by Jaroslav Halak with a rebound.
2:23 of 1st period - Wrist shot by Alex Tanguay.
2:23 of 1st period - Shot Misses the Net.
2:51 of 1st period - Wrist shot by David Jones.
2:51 of 1st period - Shot Misses the Net.
2:53 of 1st period - Snap shot by Sami Lepisto.
2:53 of 1st period - Shot Misses the Net.
2:55 of 1st period - Snap shot by Alex Tanguay.
2:55 of 1st period - Stopped by Jaroslav Halak with a rebound.
4:50 of 1st period - Snap shot by David Jones.
4:50 of 1st period - Stopped by Jaroslav Halak without a rebound.
4:51 of 1st period - Stephen Weiss wins face-off versus Jaromir Jagr in Capitals zone.
5:02 of 1st period - Wrist shot by Jaromir Jagr.
5:02 of 1st period - Stopped by Jaroslav Halak with a rebound.
5:04 of 1st period - Slapshot by Kent Huskins.
5:04 of 1st period - Shot Blocked by Jay Harrison.
6:01 of 1st period - Snap shot by Matt Stajan.
6:01 of 1st period - Stopped by Jaroslav Halak with a rebound.
6:03 of 1st period - Slapshot by Kyle Cumiskey.
6:03 of 1st period - Shot Blocked by Thomas Vanek.
6:21 of 1st period - Patrik Elias is hit by Clarke MacArthur and loses puck.
7:14 of 1st period - Jay Harrison is hit by Alex Goligoski and loses puck.
9:06 of 1st period - Icing by Peter Worrell.
9:07 of 1st period - Pavel Datsyuk wins face-off versus Olli Jokinen in Canucks zone.
9:10 of 1st period - Slapshot by Phil Kessel.
9:10 of 1st period - Stopped by Carey Price with a rebound.
9:12 of 1st period - Wrist shot by James Neal.
9:12 of 1st period - Stopped by Carey Price with a rebound.
10:00 of 1st period - Slapshot by Pavel Datsyuk.
10:00 of 1st period - Stopped by Carey Price without a rebound.
10:01 of 1st period - Maxim Lapierre wins face-off versus Pavel Datsyuk in Canucks zone.
10:26 of 1st period - Slapshot by Thomas Vanek.
10:26 of 1st period - Shot Misses the Net.
10:40 of 1st period - Tomas Plekanec is hit by Mark Streit and loses puck.
10:49 of 1st period - Slapshot by Tyler Johnson.
10:49 of 1st period - Goal by Tyler Johnson - Canucks : 0 - Capitals : 1.
10:50 of 1st period - Matt Stajan wins face-off versus Stephen Weiss in neutral zone.
11:15 of 1st period - Pavel Datsyuk is hit by Alex Goligoski and loses puck.
11:44 of 1st period - Snap shot by Patrik Elias.
11:44 of 1st period - Stopped by Carey Price without a rebound.
11:45 of 1st period - Stephen Weiss wins face-off versus Jaromir Jagr in Canucks zone.
11:46 of 1st period - Snap shot by Jakub Voracek.
11:46 of 1st period - Deflect By Alex Goligoski.
11:46 of 1st period - Stopped by Carey Price with a rebound.
11:48 of 1st period - Slapshot by Duncan Keith.
11:48 of 1st period - Stopped by Carey Price with a rebound.
11:50 of 1st period - Snap shot by Duncan Keith.
11:50 of 1st period - Shot Misses the Net.
11:52 of 1st period - Slapshot by Mark Streit.
11:52 of 1st period - Shot Misses the Net.
11:54 of 1st period - Snap shot by Stephen Weiss.
11:54 of 1st period - Shot Misses the Net.
11:56 of 1st period - Snap shot by Stephen Weiss.
11:56 of 1st period - Stopped by Carey Price without a rebound.
11:57 of 1st period - Thomas Vanek wins face-off versus Matt Stajan in Canucks zone.
12:02 of 1st period - Snap shot by Jakub Voracek.
12:02 of 1st period - Stopped by Carey Price with a rebound.
12:45 of 1st period - Stephen Weiss is hit by Alex Goligoski and loses puck.
13:07 of 1st period - Off-side.
13:08 of 1st period - Pavel Datsyuk wins face-off versus Matt Stajan in neutral zone.
13:19 of 1st period - Phil Kessel beats up Peter Worrell.
13:19 of 1st period - Penalty to Phil Kessel for Fighting.
13:19 of 1st period - Penalty to Peter Worrell for Fighting.
13:20 of 1st period - Stephen Weiss wins face-off versus Matt Stajan in neutral zone.
13:38 of 1st period - Icing by Alex Goligoski.
13:39 of 1st period - Tyler Johnson wins face-off versus Matt Stajan in Canucks zone.
13:42 of 1st period - Wrist shot by Pavel Datsyuk.
13:42 of 1st period - Shot Misses the Net.
13:44 of 1st period - Snap shot by Pavel Datsyuk.
13:44 of 1st period - Stopped by Carey Price without a rebound.
13:45 of 1st period - Pavel Datsyuk wins face-off versus Matt Stajan in Canucks zone.
13:48 of 1st period - Snap shot by Pavel Datsyuk.
13:48 of 1st period - Shot Misses the Net.
13:50 of 1st period - Snap shot by Pavel Datsyuk.
13:50 of 1st period - Deflect By Jaromir Jagr.
13:50 of 1st period - Stopped by Carey Price with a rebound.
13:52 of 1st period - Wrist shot by Stephen Weiss.
13:52 of 1st period - Shot Blocked by Tom Poti.
13:54 of 1st period - Slapshot by Duncan Keith.
13:54 of 1st period - Stopped by Carey Price with a rebound.
14:35 of 1st period - Snap shot by Thomas Vanek.
14:35 of 1st period - Shot Misses the Net.
14:37 of 1st period - Wrist shot by Stephen Weiss.
14:37 of 1st period - Stopped by Carey Price without a rebound.
14:38 of 1st period - Stephen Weiss wins face-off versus Olli Jokinen in Canucks zone.
14:39 of 1st period - Snap shot by Thomas Vanek.
14:39 of 1st period - Stopped by Carey Price with a rebound.
14:41 of 1st period - Wrist shot by Jakub Voracek.
14:41 of 1st period - Deflect By Olli Jokinen.
14:41 of 1st period - Goal by Jakub Voracek - Canucks : 0 - Capitals : 2.
14:42 of 1st period - Matt Stajan wins face-off versus Thomas Vanek in neutral zone.
15:07 of 1st period - Clarke MacArthur is hit by Mark Streit and loses puck.
15:34 of 1st period - Kent Huskins is hit by Patrik Elias and loses puck.
15:35 of 1st period - Kent Huskins from Canucks is injured at 15:35 of 1st period (Upper Body).
15:36 of 1st period - Matt Stajan wins face-off versus Jakub Voracek in Canucks zone.
15:49 of 1st period - Mark Streit is hit by Jaromir Jagr and loses puck.
15:59 of 1st period - Icing by Alex Tanguay.
16:00 of 1st period - David Krejci wins face-off versus Matt Stajan in Canucks zone.
16:17 of 1st period - Alexandre Burrows is hit by Matt Stajan.
16:41 of 1st period - Wrist shot by David Krejci.
16:41 of 1st period - Stopped by Carey Price with a rebound.
17:03 of 1st period - Snap shot by Jaromir Jagr.
17:03 of 1st period - Stopped by Jaroslav Halak with a rebound.
17:05 of 1st period - Slapshot by Matt Stajan.
17:05 of 1st period - Deflect By Jaromir Jagr.
17:05 of 1st period - Goal by Jaromir Jagr - Canucks : 1 - Capitals : 2.
17:06 of 1st period - Tomas Plekanec wins face-off versus Stephen Weiss in neutral zone.
17:15 of 1st period - Snap shot by Tomas Plekanec.
17:15 of 1st period - Stopped by Jaroslav Halak without a rebound.
17:16 of 1st period - Tomas Plekanec wins face-off versus Stephen Weiss in Capitals zone.
17:31 of 1st period - Wrist shot by Clarke MacArthur.
17:31 of 1st period - Shot Blocked by Stephen Weiss.
17:33 of 1st period - Snap shot by Clarke MacArthur.
17:33 of 1st period - Shot Misses the Net.
17:35 of 1st period - Snap shot by Nikolai Zherdev.
17:35 of 1st period - Stopped by Jaroslav Halak with a rebound.
17:37 of 1st period - Wrist shot by Tomas Plekanec.
17:37 of 1st period - Stopped by Jaroslav Halak with a rebound.
17:39 of 1st period - Snap shot by Nikolai Zherdev.
17:39 of 1st period - Stopped by Jaroslav Halak with a rebound.
18:11 of 1st period - Snap shot by Tomas Plekanec.
18:11 of 1st period - Stopped by Jaroslav Halak with a rebound.
18:13 of 1st period - Slapshot by Tom Poti.
18:13 of 1st period - Deflect By Nikolai Zherdev.
18:13 of 1st period - Stopped by Jaroslav Halak with a rebound.
18:19 of 1st period - Snap shot by Clarke MacArthur.
18:19 of 1st period - Shot Hit the Post.
18:21 of 1st period - Snap shot by Nikolai Zherdev.
18:21 of 1st period - Stopped by Jaroslav Halak without a rebound.
18:22 of 1st period - Pavel Datsyuk wins face-off versus Matt Stajan in Capitals zone.
19:33 of 1st period - Jay Harrison is hit by Kyle Cumiskey and loses puck.
Goals for this period are 1 for Canucks vs 2 for Capitals.
Shots for this period are 14 for Canucks vs 16 for Capitals.

2nd period


0:01 of 2nd period - Tomas Plekanec wins face-off versus Stephen Weiss in neutral zone.
0:04 of 2nd period - Duncan Keith is hit by Clarke MacArthur and loses puck.
0:09 of 2nd period - Wrist shot by Nikolai Zherdev.
0:09 of 2nd period - Stopped by Jaroslav Halak with a rebound.
0:16 of 2nd period - Icing by Thomas Vanek.
0:17 of 2nd period - Stephen Weiss wins face-off versus Matt Stajan in Capitals zone.
0:17 of 2nd period - Stephen Weiss is hit by Jaromir Jagr.
0:45 of 2nd period - Tomas Plekanec is hit by James Neal and loses puck.
1:04 of 2nd period - Snap shot by Tyler Johnson.
1:04 of 2nd period - Goal by Tyler Johnson - Canucks : 1 - Capitals : 3.
1:05 of 2nd period - Matt Stajan wins face-off versus Stephen Weiss in neutral zone.
1:10 of 2nd period - Stephen Weiss is hit by Jaromir Jagr and loses puck.
1:31 of 2nd period - Nikolai Zherdev is hit by Pavel Datsyuk and loses puck.
2:41 of 2nd period - Snap shot by Stephen Weiss.
2:41 of 2nd period - Shot Misses the Net.
3:41 of 2nd period - Snap shot by David Krejci.
3:41 of 2nd period - Shot Misses the Net.
4:01 of 2nd period - Wrist shot by Thomas Vanek.
4:01 of 2nd period - Shot Blocked by Alex Goligoski.
4:20 of 2nd period - Slapshot by Pavel Datsyuk.
4:20 of 2nd period - Stopped by Carey Price with a rebound.
4:22 of 2nd period - Slapshot by Mark Streit.
4:22 of 2nd period - Stopped by Carey Price with a rebound.
4:39 of 2nd period - Icing by Clarke MacArthur.
4:40 of 2nd period - Tyler Johnson wins face-off versus Matt Stajan in Canucks zone.
4:53 of 2nd period - Wrist shot by Tyler Johnson.
4:53 of 2nd period - Shot Misses the Net.
4:55 of 2nd period - Slapshot by Patrik Elias.
4:55 of 2nd period - Goal by Patrik Elias - Canucks : 1 - Capitals : 4.
4:56 of 2nd period - Stephen Weiss wins face-off versus Matt Stajan in neutral zone.
4:59 of 2nd period - Slapshot by Jakub Voracek.
4:59 of 2nd period - Stopped by Carey Price with a rebound.
5:07 of 2nd period - Jakub Voracek is hit by Matt Stajan and loses puck.
5:52 of 2nd period - Snap shot by David Krejci.
5:52 of 2nd period - Stopped by Carey Price with a rebound.
5:54 of 2nd period - Slapshot by Marek Zidlicky.
5:54 of 2nd period - Shot Blocked by Steve Montador.
5:56 of 2nd period - Snap shot by Mikael Samuelsson.
5:56 of 2nd period - Stopped by Carey Price without a rebound.
5:57 of 2nd period - Matt Stajan wins face-off versus Stephen Weiss in Canucks zone.
5:57 of 2nd period - Matt Stajan is hit by Thomas Vanek.
6:33 of 2nd period - Backhand shot by Pavel Datsyuk.
6:33 of 2nd period - Shot Blocked by Tom Poti.
6:50 of 2nd period - Slapshot by Antti Miettinen.
6:50 of 2nd period - Stopped by Jaroslav Halak with a rebound.
6:52 of 2nd period - Snap shot by Antti Miettinen.
6:52 of 2nd period - Stopped by Jaroslav Halak with a rebound.
7:02 of 2nd period - Minor Penalty to Patrik Elias for Hooking.
7:03 of 2nd period - Matt Stajan wins face-off versus Thomas Vanek in Capitals zone.
9:02 of 2nd period - Penalty to Patrik Elias is over, Patrik Elias is back on ice.
9:12 of 2nd period - Wrist shot by James Neal.
9:12 of 2nd period - Shot Blocked by Steve Montador.
10:04 of 2nd period - Pavel Datsyuk is hit by Maxim Lapierre and loses puck.
11:40 of 2nd period - Alex Goligoski is hit by Thomas Vanek and loses puck.
13:40 of 2nd period - Wrist shot by Matt Stajan.
13:40 of 2nd period - Shot Misses the Net.
14:10 of 2nd period - Peter Worrell is hit by Patrik Elias and loses puck.
14:23 of 2nd period - Wrist shot by Nikolai Zherdev.
14:23 of 2nd period - Deflect By Tomas Plekanec.
14:23 of 2nd period - Shot Blocked by Duncan Keith.
14:23 of 2nd period - Puck is out of play.
14:24 of 2nd period - Pavel Datsyuk wins face-off versus Tomas Plekanec in Capitals zone.
14:34 of 2nd period - Icing by Steve Montador.
14:35 of 2nd period - Tomas Plekanec wins face-off versus Stephen Weiss in Canucks zone.
14:59 of 2nd period - Alex Tanguay is hit by Ryan Callahan and loses puck.
15:20 of 2nd period - Slapshot by Alex Tanguay.
15:20 of 2nd period - Stopped by Jaroslav Halak with a rebound.
15:48 of 2nd period - Wrist shot by Alex Tanguay.
15:48 of 2nd period - Shot Misses the Net.
15:54 of 2nd period - Snap shot by Nikolai Zherdev.
15:54 of 2nd period - Shot Misses the Net.
16:07 of 2nd period - Minor Penalty to Keith Yandle for Hooking.
16:08 of 2nd period - Thomas Vanek wins face-off versus Matt Stajan in Capitals zone.
17:00 of 2nd period - Minor Penalty to Tom Poti for Diving.
17:01 of 2nd period - Thomas Vanek wins face-off versus Jaromir Jagr in Canucks zone.
18:00 of 2nd period - Wrist shot by Phil Kessel.
18:00 of 2nd period - Stopped by Carey Price with a rebound.
18:07 of 2nd period - Penalty to Keith Yandle is over, Keith Yandle is back on ice.
18:16 of 2nd period - Snap shot by Peter Worrell.
18:16 of 2nd period - Stopped by Jaroslav Halak without a rebound.
18:17 of 2nd period - Tyler Johnson wins face-off versus Clarke MacArthur in Capitals zone.
18:26 of 2nd period - Slapshot by Brian Campbell.
18:26 of 2nd period - Goal by Brian Campbell - Canucks : 1 - Capitals : 5.
18:27 of 2nd period - Stephen Weiss wins face-off versus Matt Stajan in neutral zone.
18:36 of 2nd period - Snap shot by Thomas Vanek.
18:36 of 2nd period - Shot Misses the Net.
18:38 of 2nd period - Wrist shot by Thomas Vanek.
18:38 of 2nd period - Goal by Thomas Vanek - Canucks : 1 - Capitals : 6.
18:38 of 2nd period - Chad Johnson enters game.
18:39 of 2nd period - Stephen Weiss wins face-off versus Jaromir Jagr in neutral zone.
19:19 of 2nd period - Icing by Ryan Callahan.
19:20 of 2nd period - Maxim Lapierre wins face-off versus Tyler Johnson in Capitals zone.
19:52 of 2nd period - Snap shot by Patrik Elias.
19:52 of 2nd period - Shot Misses the Net.
19:54 of 2nd period - Wrist shot by Ryan Callahan.
19:54 of 2nd period - Shot Misses the Net.
19:56 of 2nd period - Snap shot by Brian Campbell.
19:56 of 2nd period - Deflect By Ryan Callahan.
19:56 of 2nd period - Shot Blocked by Steve Montador.
19:56 of 2nd period - Puck is out of play.
19:57 of 2nd period - Matt Stajan wins face-off versus Stephen Weiss in Canucks zone.
19:57 of 2nd period - Matt Stajan is hit by Marek Zidlicky.
Goals for this period are 0 for Canucks vs 4 for Capitals.
Shots for this period are 5 for Canucks vs 10 for Capitals.

3rd period


0:01 of 3rd period - Matt Stajan wins face-off versus Jakub Voracek in neutral zone.
0:26 of 3rd period - James Neal is hit by Nikolai Zherdev and loses puck.
0:37 of 3rd period - Slapshot by Tom Poti.
0:37 of 3rd period - Stopped by Jaroslav Halak with a rebound.
0:39 of 3rd period - Snap shot by Clarke MacArthur.
0:39 of 3rd period - Stopped by Jaroslav Halak without a rebound.
0:40 of 3rd period - Stephen Weiss wins face-off versus Maxim Lapierre in Capitals zone.
0:40 of 3rd period - Stephen Weiss is hit by Tom Poti.
0:54 of 3rd period - Snap shot by Thomas Vanek.
0:54 of 3rd period - Shot Misses the Net.
1:06 of 3rd period - Matt Stajan is hit by Phil Kessel and loses puck.
2:52 of 3rd period - Jay Harrison is hit by Steve Montador and loses puck.
3:01 of 3rd period - Patrik Elias is hit by Tomas Plekanec and loses puck.
3:22 of 3rd period - Keith Yandle is hit by Antti Miettinen and loses puck.
3:33 of 3rd period - Jay Harrison is hit by Maxim Lapierre and loses puck.
3:38 of 3rd period - Snap shot by Maxim Lapierre.
3:38 of 3rd period - Shot Misses the Net.
3:44 of 3rd period - Jay Harrison is hit by Kyle Cumiskey.
3:47 of 3rd period - Icing by Alexandre Burrows.
3:48 of 3rd period - David Krejci wins face-off versus Matt Stajan in Capitals zone.
4:01 of 3rd period - Wrist shot by Alexandre Burrows.
4:01 of 3rd period - Deflect By Mikael Samuelsson.
4:01 of 3rd period - Stopped by Chad Johnson with a rebound.
4:19 of 3rd period - Slapshot by Alex Goligoski.
4:19 of 3rd period - Stopped by Jaroslav Halak with a rebound.
4:21 of 3rd period - Wrist shot by Clarke MacArthur.
4:21 of 3rd period - Stopped by Jaroslav Halak with a rebound.
4:23 of 3rd period - Snap shot by Nikolai Zherdev.
4:23 of 3rd period - Shot Misses the Net.
5:17 of 3rd period - Snap shot by Stephen Weiss.
5:17 of 3rd period - Shot Blocked by Maxim Lapierre.
5:23 of 3rd period - Slapshot by Thomas Vanek.
5:23 of 3rd period - Stopped by Chad Johnson with a rebound.
5:31 of 3rd period - Slapshot by Jakub Voracek.
5:31 of 3rd period - Stopped by Chad Johnson without a rebound.
5:32 of 3rd period - Pavel Datsyuk wins face-off versus Matt Stajan in Canucks zone.
6:33 of 3rd period - Duncan Keith is hit by Alex Tanguay and loses puck.
6:48 of 3rd period - Daniel Paille is hit by Duncan Keith and loses puck.
7:07 of 3rd period - Jay Harrison is hit by Peter Worrell and loses puck.
7:18 of 3rd period - Snap shot by Peter Worrell.
7:18 of 3rd period - Shot Misses the Net.
7:20 of 3rd period - Slapshot by Kyle Cumiskey.
7:20 of 3rd period - Stopped by Jaroslav Halak with a rebound.
7:36 of 3rd period - Jay Harrison is hit by Clarke MacArthur and loses puck.
7:49 of 3rd period - Alexandre Burrows is hit by David Jones and loses puck.
8:54 of 3rd period - Minor Penalty to Alex Tanguay for Hooking.
8:55 of 3rd period - Stephen Weiss wins face-off versus Jaromir Jagr in Canucks zone.
9:03 of 3rd period - Snap shot by Thomas Vanek.
9:03 of 3rd period - Shot Misses the Net.
9:05 of 3rd period - Snap shot by Mark Streit.
9:05 of 3rd period - Stopped by Chad Johnson without a rebound.
9:06 of 3rd period - Stephen Weiss wins face-off versus Jaromir Jagr in Canucks zone.
10:54 of 3rd period - Penalty to Alex Tanguay is over, Alex Tanguay is back on ice.
11:11 of 3rd period - Maxim Lapierre is hit by Keith Yandle and loses puck.
11:37 of 3rd period - Alex Goligoski is hit by Duncan Keith and loses puck.
12:37 of 3rd period - Mark Streit is hit by Matt Stajan and loses puck.
13:46 of 3rd period - Steve Montador is hit by Thomas Vanek and loses puck.
14:17 of 3rd period - Minor Penalty to David Krejci for Holding.
14:18 of 3rd period - Thomas Vanek wins face-off versus Matt Stajan in Capitals zone.
16:06 of 3rd period - Brian Campbell is hit by Alex Goligoski and loses puck.
16:17 of 3rd period - Penalty to David Krejci is over, David Krejci is back on ice.
16:17 of 3rd period - Patrik Elias is hit by Steve Montador and loses puck.
16:30 of 3rd period - Slapshot by Brian Campbell.
16:30 of 3rd period - Stopped by Chad Johnson with a rebound.
16:32 of 3rd period - Snap shot by Phil Kessel.
16:32 of 3rd period - Stopped by Chad Johnson without a rebound.
16:33 of 3rd period - Maxim Lapierre wins face-off versus Pavel Datsyuk in Canucks zone.
16:33 of 3rd period - Maxim Lapierre is hit by Jay Harrison.
17:05 of 3rd period - Snap shot by Phil Kessel.
17:05 of 3rd period - Shot Misses the Net.
17:09 of 3rd period - Snap shot by Pavel Datsyuk.
17:09 of 3rd period - Shot Blocked by Maxim Lapierre.
17:11 of 3rd period - Backhand shot by Duncan Keith.
17:11 of 3rd period - Deflect By Alex Tanguay.
17:11 of 3rd period - Stopped by Chad Johnson without a rebound.
17:12 of 3rd period - Stephen Weiss wins face-off versus Matt Stajan in Canucks zone.
17:13 of 3rd period - Snap shot by Thomas Vanek.
17:13 of 3rd period - Shot Misses the Net.
17:15 of 3rd period - Snap shot by Keith Yandle.
17:15 of 3rd period - Shot Blocked by Steve Montador.
17:17 of 3rd period - Snap shot by Thomas Vanek.
17:17 of 3rd period - Goal by Thomas Vanek - Canucks : 1 - Capitals : 7.
17:18 of 3rd period - Jaromir Jagr wins face-off versus Thomas Vanek in neutral zone.
17:44 of 3rd period - Minor Penalty to Tomas Plekanec for Holding.
17:45 of 3rd period - Jaromir Jagr wins face-off versus Phil Kessel in Canucks zone.
17:58 of 3rd period - Wrist shot by Jaromir Jagr.
17:58 of 3rd period - Goal by Jaromir Jagr - Canucks : 2 - Capitals : 7.
17:59 of 3rd period - Stephen Weiss wins face-off versus Jaromir Jagr in neutral zone.
18:24 of 3rd period - Steve Montador is hit by Mark Streit and loses puck.
19:44 of 3rd period - Penalty to Tomas Plekanec is over, Tomas Plekanec is back on ice.
Goals for this period are 1 for Canucks vs 1 for Capitals.
Shots for this period are 6 for Canucks vs 8 for Capitals.


Output by the SimonT Hockey Simulator (STHS) for François Prévost -- Original Page W3C XHTML 1.0 Valid
Hockey Simulator - Hockey Simulation - Hockey Manager